 Dungeon Crawl Stone Soup version 0.25-a0-310-g60f0ac2d9a (webtiles) character file.

Game seed: 17501201815452882892, levelgen mode: deterministic

11 Glalom the Sneak (level 2, 0/15 HPs)
             Began as a Kobold Enchanter on Dec 23, 2019.
             Slain by an orc
             ... wielding a +0 hand axe
              (6 damage)
             ... on level 2 of the Dungeon.
             The game lasted 00:01:56 (1114 turns).

Glalom the Sneak (Kobold Enchanter)                 Turns: 1114, Time: 00:01:56

Health: 0/15       AC:  2    Str:  5    XL:     2   Next: 35%
Magic:  5/5        EV: 14    Int: 16    God:
Gold:   17         SH:  4    Dex: 15    Spells: 4/5 levels left

rFire    . . .     SeeInvis .   a - +1 dagger
rCold    . . .     Gourm    .   j - +0 buckler
rNeg     . . .     Faith    .   b - +0 robe
rPois    .         Spirit   .   (no helmet)
rElec    .         Reflect  .   (no cloak)
rCorr    .         Harm     .   (no gloves)
MR       .....                  (no boots)
Stlth    +++.......             (no amulet)
HPRegen  0.05/turn              (no ring)
MPRegen  0.09/turn              (no ring)

@: no status effects
A: small, carnivore
a: no special abilities


You were on level 2 of the Dungeon.
You were hungry.

You visited 1 branch of the dungeon, and saw 2 of its levels.

You collected 17 gold pieces.

Inventory:

Hand Weapons
 a - a +1 dagger (weapon)
Armour
 b - a +0 robe (worn)
 j - a +0 buckler (worn)
Wands
 f - a wand of iceblast (5)
Scrolls
 c - 3 scrolls of enchant weapon {unknown}
 e - a scroll of identify {unknown}
 g - a scroll of remove curse {unknown}
 h - a scroll of fear {unknown}
 i - a scroll of random uselessness {unknown}
Potions
 k - a potion of might {unknown}
Comestibles
 d - 2 rations


   Skills:
 + Level 2.3 Short Blades
 - Level 2.4 Dodging
 + Level 4.5 Stealth
 - Level 2.1 Spellcasting
 - Level 3.0 Hexes


You had 4 spell levels left.
You knew the following spells:

 Your Spells              Type           Power        Failure   Level  Hunger
a - Corona                Hex            ##.....      10%         1    #......

Your spell library contained the following spells:

 Spells                   Type           Power        Failure   Level  Hunger
 Ensorcelled Hibernation  Hex/Ice        #.....       28%         2    ###....
 Confuse                  Hex            ##......     30%         3    ###....
 Tukima's Dance           Hex            ##......     30%         3    ###....
 Dazzling Flash           Conj/Hex       #.....       50%         3    ###....


Dungeon Overview and Level Annotations

Branches:
Dungeon (1/15)

Altars:
Makhleb
Ru
Zin


Innate Abilities, Weirdness & Mutations

You are small and have problems with some larger weapons.
You are carnivorous and can eat meat at any time.


Message History

h - a scroll labeled XIOTIVV BOMUOCE
i - a scroll labeled HALYGE GETUE You see here a buckler.
j - a buckler You start putting on your armour.
You continue putting on your buckler. x4
You finish putting on your +0 buckler.
You start waiting.
Done waiting.
You are feeling hungry.
Found 16 stones.
Found an escape hatch in the floor.
k - a metallic red potion An orc comes into view.
It is wielding a +0 hand axe.
Found an emerald potion.
The orc shouts!
The orc hits you with a +0 hand axe.
You hit the orc but do no damage. The orc barely misses you.
You hit the orc but do no damage. The orc hits you with a +0 hand axe.
You hit the orc but do no damage. The orc hits you with a +0 hand axe.
You die...

...### .### ...!. ..# ..#..
..# ..#.# ..# ##....# .. ##
..# #..#..##.## .... ..#
#.##..##..#>.... .##
###.##......#..... .#
###o@...........(... .##
#....#.##.##...#....
..#########..####.##.###....#
............ ..(............#
.########.#######..#####.#..#
.........(....##.....###.# #
..######..............##.#
.## #................#.# ##
#..................####


You could see an orc.

Vanquished Creatures
  A dart slug (D:1)
  2 bats (D:1)
  A goblin (D:1)
  A hobgoblin (D:1)
  3 kobolds (D:2)
  2 rats (D:1)
10 creatures vanquished.

Notes
Turn   | Place    | Note
-------+----------+-------------------------------------------
     0 | D:1      | Glalom the Kobold Enchanter began the quest for the Orb.
     0 | D:1      | Reached XP level 1. HP: 10/10 MP: 3/3
   348 | D:1      | Reached XP level 2. HP: 12/15 MP: 5/5
   492 | D:1      | You fall into a shaft and drop 1 floor!
   621 | D:2      | Found a sacrificial altar of Ru.
   645 | D:2      | Found a burning altar of Makhleb.
   646 | D:2      | Noticed a blizzard demon
   650 | D:2      | Found a glowing silver altar of Zin.
   651 | D:2      | Noticed an angel
  1114 | D:2      | Slain by an orc

Levels and vault maps discovered:
D:1:      minmay_arrival_open_corners, layout_loops_ring, st_stairs_13,
          bh_walls_and_bars
D:2:      layout_rooms, grunt_temple_overflow_order_and_chaos_2,
          nicolae_overflow_crystal_walls, first_ration

Skill      XL: |  1 |
---------------+----+-----
Short Blades   | 2 |  2.3
Dodging        | |  2.4
Stealth        | |  4.5
Spellcasting   | |  2.1
Hexes          | |  3.0

Action                   || total
-------------------------++-------
Melee: Dagger            ||    45
 Stab: Sleeping          ||     3
Armor: Robe              ||     6
Dodge: Dodged            ||    29

Table legend:
 A = Non-vault XP
 B = Vault XP
 C = Vault XP percentage of total XP
 D = Non-vault monster count
 E = Vault monster count
 F = Vault count percentage of total count
                 A         B        C        D         E       F
            +---------+---------+-------+---------+---------+-------
      Total |      16 |       0 |   0.0 |      10 |       0 |   0.0
            +---------+---------+-------+---------+---------+-------
        D:1 |      13 |       0 |   0.0 |       7 |       0 |   0.0
        D:2 |       3 |       0 |   0.0 |       3 |       0 |   0.0
            +---------+---------+-------+---------+---------+-------
